 Dungeon Sprint DCSS version 0.29.1-14-g9c671dbff4 (webtiles) character file.

Game seed: 11951604708879246960

3200000 Groucho the Intangible (level 17, -1/119 HPs)
             Began as a Spriggan Abyssal Knight on Feb 12, 2023.
             Was a High Priest of Makhleb.
             Slain by a destroyer
             ... wielding a +9 vorpal great sword
              (75 damage)
             ... in the Dungeon (Sprint VIII: "Arena of Blood").
             The game lasted 00:01:31 (32 turns).

Groucho the Intangible (Spriggan Abyssal Knight)      Turns: 32, Time: 00:01:32

Health: -1/119     AC:  2    Str:  9    XL:     17   Next: 11%
Magic:  8/35       EV: 43    Int: 14    God:    Makhleb [*****.]
Gold:   0          SH:  0    Dex: 21    Spells: 16/16 levels left

rFire   . . .      SeeInvis +   i - +∞ Axe of Woe
rCold   . . .      Faith    .   (shield currently unavailable)
rNeg    . . .      Spirit   .   b - +0 robe
rPois   .          Reflect  .   (helmet restricted)
rElec   .          Harm     .   (no cloak)
rCorr   .          Rampage  .   (gloves unavailable)
Will    ++...      NoTele   +   (boots unavailable)
Stlth   ++........              (no amulet)
HPRegen 0.29/turn               (no ring)
MPRegen 0.24/turn               (no ring)

@: very quick
A: very small, no large weapons, unfitting armour, see invisible, speed 3
a: Renounce Religion, Minor Destruction, Lesser Servant of Makhleb, Major
Destruction, Greater Servant of Makhleb


You were in the Dungeon.
You worshipped Makhleb.
Makhleb was extremely pleased with you.
You visited 1 branch

Inventory:

Hand Weapons
 a - a +1 hand axe
 i - the +∞ Axe of Woe (weapon)
   (You found it in the Dungeon)
Armour
 b - a +0 robe (worn)
Jewellery
 j - a +30 ring of slaying
Scrolls
 h - a scroll of blinking
Potions
 c - a potion of curing
 d - a potion of heal wounds
 e - a potion of haste
 f - 2 potions of magic
 g - a potion of berserk rage


   Skills:
 + Level 25.9 Fighting
 O Level 27 Axes
 O Level 27 Dodging
 + Level 26.0 Invocations


You had 16 spell levels left.
You didn't know any spells.
Your spell library was empty.

Dungeon Overview and Level Annotations

Branches:
Dungeon (1/1)

Altars:
Makhleb

Annotations:
D The Servant


Innate Abilities, Weirdness & Mutations

You are very small and have problems with some larger weapons.
You are too small for most types of armour.
You have supernaturally acute eyesight. (SInv)
You cover ground extremely quickly. (Speed+++)


Message History

Makhleb accepts your kill.
You can now summon a greater servant of Makhleb.
You hear a shout! x5
A destroyer comes into view. It is wielding a +9 vorpal great sword.
A bag of meat comes into view. It is wielding a +9 war axe. x2
You hear a shout! x2
Your Fighting skill increases to level 23!
Your Invocations skill increases to level 22!
Unknown command.
The bag of meat shouts!
You hear a shout! x8
A bag of meat comes into view. It is wielding a +9 war axe.
You hear a shout! x3
The meat berserker hits you with a +9 battleaxe!!
The bag of meat shouts!
You slash the meat berserker!
You hew the meat berserker savagely.
You kill the meat berserker!
Makhleb accepts your kill.
You feel better.
You hit the large bag of meat.
Flame seeps out of the large bag of meat.
You butcher the large bag of meat messily.
Makhleb accepts your kill.
The large bag of meat explodes!
The fiery explosion engulfs you!!
You are engulfed in blazing flames.
You hear a roar!
You hear a shout!
The destroyer points at you and mumbles some strange words.
The destroyer blinks!
You hear a shout! x4
A large bag of meat comes into view. It is wielding a +9 giant spiked club.
The large bag of meat shouts in stereo!
Your Fighting skill gained 2 levels and is now at level 25!
Your Invocations skill gained 4 levels and is now at level 26!
You have reached level 17!
Unknown command.
A sculptor of flesh comes into view. It is wielding a +9 great sword.
The sculptor of flesh appears out of thin air!
A sculptor of flesh comes into view. It is wielding a +9 great sword.
You hear a shout! x5
The destroyer hits you with a +9 vorpal great sword!!!!
Ouch! That really hurt!
You die...

... ....O #o.
...# . #V. ...#
. ..###..
...###..
......###......
......_..o...
#..).§# #_V§○_#
#..@§§#
......z_@......
.....§###......
..###..
...###.. . #.o
.O.# . #.. ...#
... ..... z. ..


You could see The Servant, 2 destroyers, 2 sculptors of flesh and 2 bags of
meat.

Vanquished Creatures
  5 ogres (D)
  A two-headed ogre (D)
  11 orcs (D)
17 creatures vanquished.

Notes
Turn   | Place    | Note
-------+----------+-------------------------------------------
     0 | D        | Found the +∞ Axe of Woe
     0 | D        | Groucho the Spriggan Abyssal Knight began the quest for the
                  | Orb.
     0 | D        | Reached XP level 1. HP: 11/11 MP: 3/3
     2 | D        | Noticed a bag of meat
     4 | D        | Fell from the grace of Lugonu
     4 | D        | Became a worshipper of Makhleb the Destroyer
     4 | D        | Noticed a bag of meat
     4 | D        | Noticed a bag of meat
     5 | D        | Noticed a bag of meat
     6 | D        | Killed a bag of meat
     7 | D        | Reached XP level 2. HP: 31/31 MP: 4/8
     7 | D        | Reached XP level 3. HP: 35/35 MP: 4/9
     7 | D        | Reached XP level 4. HP: 40/40 MP: 4/11
     7 | D        | Reached XP level 5. HP: 44/44 MP: 4/12
     7 | D        | Reached XP level 6. HP: 49/49 MP: 4/13
     7 | D        | Reached XP level 7. HP: 54/54 MP: 4/14
     7 | D        | Reached XP level 8. HP: 59/59 MP: 4/15
     7 | D        | Reached XP level 9. HP: 63/63 MP: 4/16
     7 | D        | Reached XP level 10. HP: 68/68 MP: 4/17
     7 | D        | Noticed a meat berserker
    11 | D        | Killed a bag of meat
    11 | D        | Reached * piety under Makhleb
    11 | D        | Killed a bag of meat
    11 | D        | Noticed a meat berserker
    12 | D        | Reached XP level 11. HP: 72/72 MP: 4/18
    12 | D        | Reached XP level 12. HP: 77/77 MP: 4/19
    12 | D        | Killed a bag of meat
    12 | D        | Killed a meat berserker
    12 | D        | Reached ** piety under Makhleb
    13 | D        | Reached skill level 27 in Dodging
    13 | D        | Reached XP level 13. HP: 82/82 MP: 4/20
    13 | D        | Noticed a meat berserker
    14 | D        | Noticed a bag of meat
    15 | D        | Noticed a meat berserker
    16 | D        | Noticed a bag of meat
    16 | D        | Noticed a bag of meat
    16 | D        | Noticed a bag of meat
    17 | D        | Noticed a bag of meat
    17 | D        | Killed a meat berserker
    17 | D        | Killed a meat berserker
    18 | D        | Reached XP level 14. HP: 87/87 MP: 5/21
    18 | D        | Killed a meat berserker
    18 | D        | Reached *** piety under Makhleb
    19 | D        | Reached skill level 27 in Axes
    19 | D        | Reached XP level 15. HP: 94/94 MP: 5/25
    23 | D        | Noticed a large bag of meat
    24 | D        | Reached skill level 15 in Invocations
    24 | D        | Reached **** piety under Makhleb
    25 | D        | Reached XP level 16. HP: 107/107 MP: 6/31
    25 | D        | Noticed a meat berserker
    27 | D        | Noticed a destroyer
    28 | D        | Noticed The Servant
    28 | D        | Noticed a large bag of meat
    29 | D        | Reached ***** piety under Makhleb
    29 | D        | Noticed a destroyer
    31 | D        | Killed a meat berserker
    31 | D        | Killed a large bag of meat
    31 | D        | Noticed a large bag of meat
    32 | D        | Reached XP level 17. HP: 74/119 MP: 7/35
    32 | D        | Noticed a sculptor of flesh
    32 | D        | Slain by a destroyer

Illustrated notes

Levels and vault maps discovered:
D:        meatsprint

Skill      XL: |  1  2  3  4  5  6  7  8  9 10 11 12 13 14 15 16 |
---------------+-------------------------------------------------+-----
Fighting       | 16 17 22 25 | 25.9
Axes           | 8 14 20 26 27 | 27.0
Dodging        | 16 23 27 | 27.0
Invocations    | 8 12 20 26 | 26.0

Action                   |  1- 3 |  4- 6 |  7- 9 | 10-12 | 13-15 | 16-18 || total
-------------------------+-------+-------+-------+-------+-------+-------++-------
Melee: Broad axe         |     1 |       |       |     2 |     5 |     3 ||    11
